 Dungeon Crawl Stone Soup version 0.17-a0-737-gf0a300a (webtiles) character file.

22034 PolkaDot the Bewitcher (level 12, -1/99 HPs)
             Began as a Vampire Enchanter on Apr 25, 2015.
             Was a Priest of Ashenzari.
             Slain by a tengu reaver
             ... wielding a cursed -3 great sword
              (4 damage)
             ... on level 12 of the Dungeon.
             The game lasted 01:04:46 (21944 turns).

PolkaDot the Bewitcher (Vampire Enchanter)         Turns: 21944, Time: 01:04:47

Health: -1/99      AC:  6    Str: 12    XL:     12   Next: 59%
Magic:  4/16       EV: 28    Int: 22    God:    Ashenzari [***...]
Gold:   660        SH:  5    Dex: 26    Spells: 4 memorised, 6 levels left

rFire  . . .     SeeInvis +     a - +1 dagger (curse)
rCold  + . .     Clarity  .     r - +0 leather armour "Kugys" {rC- Regen+ Int+3 Dex+5} (curse)
rNeg   + + +     SustAb   .     I - +0 buckler (curse)
rPois  +         Gourm    .     (no helmet)
rElec  .         Spirit   .     v - +0 cloak (curse)
rCorr  .         Warding  .     l - +0 pair of gloves (curse)
rMut   .         Stasis   .     h - +0 pair of boots (curse)
MR     +....                    (no amulet)
Stlth  +++++++++.               (no ring)
                                c - ring of flight

@: mighty, agile, regenerating slowly, somewhat resistant to hostile
enchantments, incredibly stealthy
A: fangs 3, talons 1, see invisible, dopey 1, high mp 1, unbreathing
a: Bat Form, Scrying, Renounce Religion, Evoke Flight


You were on level 12 of the Dungeon.
You worshipped Ashenzari.
Ashenzari was most pleased with you.
You were near bloodless.

You visited 2 branches of the dungeon, and saw 13 of its levels.
You also visited: Ossuary.

You collected 660 gold pieces.

Inventory:

Hand weapons
 a - a cursed +1 dagger (weapon)
Armour
 h - a cursed +0 pair of boots (worn)
 l - a cursed +0 pair of gloves (worn)
 r - the cursed +0 leather armour "Kugys" (worn) {rC- Regen+ Int+3 Dex+5}
   (You took it off a kobold on level 6 of the Dungeon)

   It affects your intelligence (+3).
   It affects your dexterity (+5).
   It makes you vulnerable to cold.
   It increases your rate of regeneration.
   It has a curse placed upon it.
 v - a cursed +0 cloak (worn)
 I - a cursed +0 buckler (worn)
Jewellery
 c - a ring of flight (left hand)
Magical devices
 b - a wand of cold (10)
 d - a wand of polymorph (9)
 i - a wand of heal wounds (0)
 t - a wand of slowing (17)
 u - a wand of flame (0)
 w - a wand of fireball (4)
 G - a wand of fire (9)
 H - a wand of flame (7)
 J - a wand of paralysis (14)
Scrolls
 e - a scroll of blinking
 f - 6 scrolls of recharging
 g - a scroll of amnesia
 j - a scroll of enchant weapon
 k - 4 scrolls of fog
 n - 4 scrolls of teleportation
 p - 2 scrolls of enchant armour
 q - a scroll of curse armour
 y - 2 scrolls of magic mapping
 C - a scroll of summoning
 D - 4 scrolls of identify
 K - a scroll of curse jewellery
 L - 2 scrolls of curse weapon
 M - 5 scrolls of remove curse
Potions
 m - 2 potions of flight
 o - 3 potions of brilliance
 s - 3 potions of curing
 x - 2 potions of cure mutation {!q}
 z - 2 potions of agility
 A - 3 potions of restore abilities
 B - a potion of might
 E - a potion of haste
 F - a potion of blood {@*1}


   Skills:
 - Level 10.6 Fighting
 - Level 7.2(10.2) Short Blades
 + Level 9.3(11.1) Dodging
 + Level 12.9(14.5) Stealth
 - Level 2.0 Spellcasting
 * Level 16.3 Hexes
 - Level 1.7 Ice Magic


You had 6 spell levels left.
You knew the following spells:

 Your Spells              Type           Power        Failure   Level  Hunger
a - Corona                Hex            ######.      1%          1    #......
c - Confuse               Hex            ######..     1%          3    ###....
d - Ensorcelled Hibernat  Hex/Ice        #####.       1%          2    ##.....
s - Dazzling Spray        Conj/Hex       #####...     3%          3    ###....


Dungeon Overview and Level Annotations

Branches:
Dungeon (12/15)            Temple (1/1) D:4            Lair (0/8) D:9
    Orc (0/4) D:11

Altars:
Ashenzari
Cheibriados
Dithmenos
Elyvilon
Fedhas
Gozag
Kikubaaqudgha
Makhleb
Nemelex Xobeh
Okawaru
Qazlal
Ru
Sif Muna
Trog
Vehumet
Xom
Yredelemnul
Zin
The Shining One

Shops:
D:11 [

Portals:
Trove: D:10 (give +5 demon trident)


Innate Abilities, Weirdness & Mutations

You heal slowly.
You have razor-sharp teeth.
You have supernaturally acute eyesight.
You can survive without breathing.
You have sharp toenails.
You are dopey. (Int -2)
You have an increased reservoir of magic (+10% MP).


Message History

Drink which item? (? for menu, Esc to quit)
You feel better. The tengu reaver barely misses you.
The tengu reaver pecks you.
* * * LOW HITPOINT WARNING * * *
The tengu reaver closely misses you.
An iron dragon comes into view.
Drink which item? (? for menu, Esc to quit)
You feel better.
The tengu reaver gestures at you while chanting.
The bolt of poison hits you!
You are poisoned.
You resist.
* * * LOW HITPOINT WARNING * * *
The iron dragon roars!
Drink which item? (? for menu, Esc to quit)
You feel better.
The tengu reaver hits you with a great sword!!
* * * LOW HITPOINT WARNING * * *
The tengu reaver pecks you.
You die...

*#####
#....################
#....#..............#
#....######.#######.#
##....#......##......#
......#.#######.######
..#'###......##.@Q.D*#
..'..'######.#######.#
..#..........#*∆∆∆∆,
..###........#*∆∆∆∆,
'###..######.#* *
...#..#......# , ,
...'..#D###### { *
'###..#, , ......#
*{***** *


You could see an iron dragon and a tengu reaver.

Vanquished Creatures
  A hydra (D:11)
  Erolcha (D:9)
  A centaur warrior (D:12)
  Urug (D:12)
  3 hill giants
  2 cyclopes
  3 manticores
  A griffon (D:12)
  Joseph (D:8)
  Psyche (D:9)
  A queen bee (D:8)
  2 trolls
  2 tengu conjurers (D:12)
  Grinder (D:4)
  2 ravens (D:12)
  4 slime creatures (D:12)
  A trapdoor spider zombie (D:11)
  A deep elf mage (D:10)
  A centaur simulacrum (D:12)
  A wraith (D:11)
  21 yaks
  Eustachio (D:4)
  3 vampire mosquitoes (D:12)
  3 hippogriffs
  2 wyverns
  A hungry ghost (D:8)
  A water moccasin (D:12)
  2 mottled dragons (D:12)
  2 black bears
  3 sky beasts
  5 phantoms
  10 ogres
  3 orc warriors
  4 ice beasts
  2 eyes of draining (D:12)
  2 big kobolds (D:8)
  9 centaurs
  Blork the orc (D:5)
  4 giant frogs
  22 killer bees
  2 scorpions
  7 wights
  8 crimson imps
  A wasp zombie (D:6)
  A wyvern simulacrum (D:12)
  5 orc priests
  3 giant frog zombies
  2 giant frog skeletons
  4 hounds
  4 jellies
  4 centaur skeletons
  9 orc wizards
  Natasha (thrice) (D:4)
  2 iguanas
  12 worker ants
  2 big kobold zombies (Ossuary)
  3 hound skeletons
  2 mummies (Ossuary)
  2 worker ant zombies
  3 gnolls (D:6)
  13 adders
  5 shadow imps
  2 adder skeletons
  9 adder zombies
  An ooze (D:3)
  4 worms
  10 giant geckos
  29 orcs
  4 ball pythons
  15 bats
  3 giant cockroaches
  29 hobgoblins
  10 jackals
  24 kobolds
  5 quokkas
  A giant cockroach zombie (D:6)
  9 giant newts
  A giant spore (D:10)
  3 gnoll zombies (Ossuary)
  10 goblins
  7 hobgoblin zombies (Ossuary)
  A jackal skeleton (D:6)
  7 kobold zombies (Ossuary)
  7 orc zombies (Ossuary)
  A quokka skeleton (D:4)
  A quokka zombie (D:5)
  12 rats
434 creatures vanquished.

Vanquished Creatures (others)
  An orc wizard (D:5)
  2 kobolds
3 creatures vanquished.

Grand Total: 437 creatures vanquished

Notes
Turn   | Place    | Note
--------------------------------------------------------------
     0 | D:1      | PolkaDot, the Vampire Enchanter, began the quest for the Orb.
     0 | D:1      | Reached XP level 1. HP: 13/13 MP: 3/3
   316 | D:1      | Reached skill level 5 in Hexes
   362 | D:1      | Reached XP level 2. HP: 4/19 MP: 5/5
   397 | D:1      | Learned a level 2 spell: Ensorcelled Hibernation
   654 | D:1      | Reached skill level 1 in Ice Magic
  1101 | D:2      | Reached XP level 3. HP: 10/24 MP: 3/6
  1253 | D:2      | Learned a level 3 spell: Confuse
  1296 | D:2      | Found a shadowy altar of Dithmenos.
  1701 | D:2      | Reached XP level 4. HP: 31/31 MP: 7/7
  2126 | D:3      | Found a shimmering altar of Xom.
  2129 | D:3      | Noticed an angel
  2130 | D:3      | Found a glowing silver altar of Zin.
  2284 | D:3      | Reached skill level 5 in Stealth
  2284 | D:3      | Reached skill level 6 in Hexes
  2804 | D:3      | Found a glowing golden altar of the Shining One.
  2885 | D:4      | Reached XP level 5. HP: 32/36 MP: 8/8
  3010 | D:4      | Noticed Eustachio
  3024 | D:4      | Killed Eustachio
  3024 | D:4      | Reached XP level 6. HP: 26/47 MP: 6/9
  3031 | D:4      | Learned a level 3 spell: Dazzling Spray
  3074 | D:4      | Noticed Natasha
  3075 | D:4      | Found a staircase to the Ecumenical Temple.
  3082 | D:4      | Killed Natasha
  3087 | Temple   | Entered the Ecumenical Temple
  3099 | Temple   | Became a worshipper of Ashenzari the Shackled
  3315 | D:4      | Noticed a phantom
  3325 | D:4      | Killed a phantom
  3333 | D:4      | Noticed Natasha
  3341 | D:4      | Killed Natasha
  3773 | D:4      | Noticed a centaur
  3792 | D:4      | Killed a centaur
  3962 | D:4      | Noticed Natasha
  3974 | D:4      | Killed Natasha
  3994 | D:4      | Noticed Grinder
  3997 | D:4      | Gained mutation: You have sharp toenails. [potion of beneficial mutation]
  3998 | D:4      | Gained mutation: You have an increased reservoir of magic (+10% MP). [potion of beneficial mutation]
  4033 | D:4      | Killed Grinder
  4033 | D:4      | Reached skill level 5 in Fighting
  4033 | D:4      | Reached XP level 7. HP: 27/56 MP: 7/11
  4315 | D:5      | Entered Level 5 of the Dungeon
  4824 | D:5      | Noticed Blork the orc
  4828 | D:5      | Killed Blork the orc
  4879 | D:5      | Found a basalt altar of Yredelemnul.
  5000 | D:5      | Reached skill level 7 in Hexes
  5186 | D:5      | Reached XP level 8. HP: 52/65 MP: 12/12
  6367 | D:5      | Reached skill level 8 in Hexes
  6638 | D:6      | Found a sparkling altar of Nemelex Xobeh.
  8091 | D:6      | Got the cursed leather armour "Kugys" {rC- Regen+ Int+3 Dex+5}
  9710 | D:6      | Reached skill level 9 in Hexes
  9874 | D:6      | Reached XP level 9. HP: 74/74 MP: 6/13
 10364 | D:6      | Identified the cursed +0 leather armour "Kugys" {rC- Regen+ Int+3 Dex+5} (You took it off a kobold on level 6 of the Dungeon)
 11898 | D:7      | Reached skill level 10 in Hexes
 11973 | D:7      | HP: 3/74 [acid (6)]
 12248 | D:7      | Found an opulent altar of Gozag.
 12249 | D:7      | Found a burning altar of Makhleb.
 12474 | D:7      | Reached skill level 5 in Short Blades
 12552 | D:7      | Found an ancient bone altar of Kikubaaqudgha.
 12556 | D:7      | Found a blossoming altar of Fedhas.
 12558 | D:7      | Found a white marble altar of Elyvilon.
 12813 | D:8      | Reached skill level 11 in Hexes
 12860 | D:8      | Found a sand-covered staircase.
 12906 | Ossuary  | Entered an ossuary
 13310 | Ossuary  | Gained mutation: Your body is slowly deteriorating. [potion of mutation]
 13310 | Ossuary  | Lost mutation: Your body is slowly deteriorating. [potion of mutation]
 13310 | Ossuary  | Gained mutation: You are dopey. (Int -2) [potion of mutation]
 13333 | D:8      | Acquired Ashenzari's first power
 13925 | D:8      | Reached XP level 10. HP: 75/83 MP: 14/14
 13975 | D:8      | Reached skill level 10 in Fighting
 14743 | D:8      | Noticed Joseph
 14756 | D:8      | Killed Joseph
 15055 | D:9      | Noticed Psyche
 15070 | D:9      | Killed Psyche
 16044 | D:9      | Reached skill level 5 in Dodging
 16077 | D:9      | Noticed Erolcha
 16346 | D:9      | Killed Erolcha
 16346 | D:9      | Reached XP level 11. HP: 92/92 MP: 5/15
 16358 | D:9      | Found a staircase to the Lair.
 16717 | D:9      | Reached skill level 12 in Hexes
 16940 | D:9      | Found a radiant altar of Vehumet.
 16978 | D:9      | Reached skill level 10 in Stealth
 17576 | D:10     | Entered Level 10 of the Dungeon
 17582 | D:10     | Found a portal to a secret trove of treasure.
 17627 | D:10     | Noticed a hill giant
 17642 | D:10     | Killed a hill giant
 18016 | D:10     | Identified the +3 scale mail "Opadon" {rPois Dex+5}
 18349 | D:10     | Reached skill level 13 in Hexes
 18810 | D:10     | Acquired Ashenzari's second power
 18976 | D:11     | Noticed a hill giant
 18987 | D:11     | Killed a hill giant
 19330 | D:11     | Reached skill level 14 in Hexes
 19565 | D:11     | Found a staircase to the Orcish Mines.
 19708 | D:11     | Noticed a seven-headed hydra
 19712 | D:11     | Killed a seven-headed hydra
 19816 | D:11     | Found Otaygia's Antique Armour Shoppe.
 20259 | D:12     | Reached XP level 12. HP: 99/99 MP: 16/16
 20336 | D:12     | Noticed a centaur warrior
 20348 | D:12     | Killed a centaur warrior
 20727 | D:12     | Identified the cursed +0 hunting sling of Gallantry {venom, rN+ MR- Dex+3}
 20731 | D:12     | Noticed a hill giant
 20735 | D:12     | Killed a hill giant
 20735 | D:12     | Reached skill level 15 in Hexes
 20771 | D:12     | Noticed Urug
 20777 | D:12     | Killed Urug
 21611 | D:12     | Reached skill level 16 in Hexes
 21913 | D:12     | Noticed a tengu reaver
 21939 | D:12     | HP: 4/99 [tengu reaver/great sword (7)]
 21943 | D:12     | Noticed an iron dragon
 21944 | D:12     | HP: 3/99 [tengu reaver/great sword (29)]
 21944 | D:12     | Slain by a tengu reaver

Action                   |  1- 3 |  4- 6 |  7- 9 | 10-12 || total
-------------------------+-------+-------+-------+-------++-------
Melee: Dagger            |   107 |   148 |   622 |   652 ||  1529
 Cast: Ensorcelled Hiber |    12 |    18 |    87 |   123 ||   240
       Corona            |     4 |       |       |     1 ||     5
       Confuse           |       |     5 |    37 |    44 ||    86
Evoke: Wand              |       |       |    14 |    12 ||    26
  Use: Potion            |       |     7 |     4 |    10 ||    21
       Scroll            |       |     1 |    23 |     5 ||    29
 Stab: Sleeping          |    17 |    19 |    72 |   103 ||   211
       Distracted        |     1 |     1 |     3 |     5 ||    10
       Confused          |       |     8 |    15 |    37 ||    60
  Eat: Corpse            |       |       |     7 |     1 ||     8
